 Dungeon Crawl Stone Soup version 0.31-a0-844-gdc52ec4e09 (webtiles) character file.

Game seed: 11524428223236775539

58 thriggle the Caller (level 4, 0/32 HPs)
             Began as a Barachi Summoner on Sept 29, 2023.
             Slain by a hound (3 damage)
             ... on level 3 of the Dungeon.
             The game lasted 00:06:59 (1806 turns).

thriggle the Caller (Barachi Summoner)              Turns: 1806, Time: 00:07:00

Health: 0/32       AC:  4    Str: 12    XL:     4   Next: 2%
Magic:  11/16      EV: 12    Int: 15    God:
Gold:   70         SH:  0    Dex: 12    Spells: 5/8 levels left

rFire   . . .        i - +0 short sword
rCold   . . .        (no shield)
rNeg    . . .        m - +0 leather armour
rPois   .            (no helmet)
rElec   .            (no cloak)
rCorr   .            l - +0 pair of gloves
SInv    +            (no boots)
Will    .....        (no amulet)
Stlth   ++           f - ring of magical power
HPRegen 0.25/turn    s - ring of see invisible
MPRegen 0.15/turn

%: no passive effects
@: slow
A: amphibious, slowness 1, strong legs 1, +LOS
a: Hop


You were on level 3 of the Dungeon.
You visited 1 branch of the dungeon, and saw 3 of its levels.

You collected 70 gold pieces.

Inventory:

Hand Weapons
 h - a +0 club
 i - a +0 short sword (weapon)
Missiles
 j - 17 stones
 k - 5 poisoned darts
Armour
 a - a +0 robe
 l - a +0 pair of gloves (worn)
 m - a +0 leather armour (worn)
Magical Staves
 t - a staff of death
Jewellery
 f - a ring of magical power (left hand)
 s - a ring of see invisible (right hand)
Talismans
 n - a serpent talisman
Wands
 p - a wand of acid (10)
Scrolls
 d - a scroll of fog {unknown}
 g - a scroll of fear {unknown}
 o - a scroll of immolation {unknown}
 q - a scroll of acquirement {unknown}
Potions
 b - a potion of magic
 c - 2 potions of cancellation {unknown}
 e - a potion of attraction {unknown}
 r - 2 potions of mutation {unknown}


   Skills:
 + Level 1.0 Fighting
 + Level 0.9 Short Blades
 + Level 0.1 Armour
 + Level 2.6 Dodging
 + Level 2.3 Stealth
 + Level 0.8 Unarmed Combat
 + Level 2.6 Spellcasting
 + Level 5.1 Summonings
 + Level 0.2 Evocations
 + Level 0.0 Shapeshifting


You had 5 spell levels left.
You knew the following spells:

 Your Spells              Type           Power      Damage    Failure   Level
a - Summon Small Mammal   Summ           68%        N/A       3%          1
b - Call Imp              Summ           34%        N/A       4%          2

Your spell library contained the following spells:

 Spells                   Type           Power      Damage    Failure   Level
 Call Canine Familiar     Summ           17%        N/A       10%         3
 Summon Guardian Golem    Hex/Summ       9%         N/A       28%         3
 Inner Flame              Hex/Fire       1%         N/A       63%         3
 Summon Lightning Spire   Summ/Air       9%         N/A       67%         4
 Flame Wave               Conj/Fire      1%         2d4       95%         4
 Sticky Flame             Conj/Fire      1%         2d3       95%         4


Dungeon Overview and Level Annotations

Branches:
Dungeon (3/15)

Altars:
Elyvilon


Innate Abilities, Weirdness & Mutations

You are amphibious.
You cover ground slowly.
You can hop short distances.
You have an extended range of vision and can be seen from far away.


Message History

The hound is almost dead.
The hound bites you.
Your quokka is frozen.
Your quokka closely misses the frilled lizard.
The frilled lizard bites you.
Your rat completely misses the hound.
You closely miss the hound.
The hound is almost dead.
The hound bites you.
* * * LOW HITPOINT WARNING * * *
Your quokka bites the frilled lizard.
The frilled lizard dies!
Your quokka is frozen.
Your quokka dies!
Your quokka's corpse disappears in a puff of smoke!
The hound bites you.
* * * LOW HITPOINT WARNING * * *
Your rat closely misses the hound.
An endoplasm comes into view.
The hound bites you but does no damage.
Your rat bites the endoplasm.
Unknown command.
The hound misses you.
Casting: Summon Small Mammal (safe; 3% risk of failure)
Confirm with . or Enter, or press ? or * to list all spells.
A tiny devil pulls itself out of the air.
The hound barely misses you.
Your rat bites the endoplasm.
The hound bites you.
* * * LOW HITPOINT WARNING * * *
The hound attacks as it pursues you! The hound barely misses you.
Your rat bites the endoplasm.
Your cerulean imp misses the hound.
The hound barely misses you.
You swap places.
The hound bites your cerulean imp.
Your cerulean imp hits the hound with a -3 spear.
Your rat bites the endoplasm.
Casting: Call Imp (safe; 4% risk of failure)
Confirm with . or Enter, or press ? or * to list all spells.
A tiny devil pulls itself out of the air.
Your cerulean imp disappears in a puff of smoke!
The hound bites you.
* * * LOW HITPOINT WARNING * * *
The hound bites you.
You die...

#.######.#.#.# #.#
####.####.....#.# #.#
#......§†.......# #.#
#.##.#..#.#.###.# #.#
#.r#.#.# #.# ##.##
....#r#.# #.# ###...#
#.#.##.#.# #.#####.....#
#.#.##J#.###...........#
#.....§h@....#####.###.#
#####.5#####.#####.###.#
#..# #............# #..#
#..#####.##..#
#..####..####...#..#
#..................#
##..####..####...#..#
....####..)..##.##..#
##.............##..#


You could see a hound (ally target), an endoplasm and a friendly cerulean imp
(summoned).

Vanquished Creatures
  A worm (D:2)
  An orc (D:3)
  3 ball pythons
  3 bats
  2 endoplasms (D:1)
  A giant cockroach (D:1)
  A goblin (D:1)
  A hobgoblin (D:1)
  2 kobolds
  4 quokkas
  A frilled lizard (D:1)
  A rat (D:3)
21 creatures vanquished.

Vanquished Creatures (collateral kills)
  An adder (D:2)
  A worm (D:2)
  3 endoplasms (D:1)
  A goblin (D:1)
  A hobgoblin (D:1)
  A quokka (D:1)
  A ball python (D:2)
  4 bats
  4 frilled lizards
  2 kobolds (D:1)
  A rat (D:2)
20 creatures vanquished.

Grand Total: 41 creatures vanquished

Notes
Turn   | Place    | Note
-------+----------+-------------------------------------------
     0 | D:1      | thriggle the Barachi Summoner began the quest for the Orb.
     0 | D:1      | Reached XP level 1. HP: 13/13 MP: 3/3
   198 | D:1      | Reached XP level 2. HP: 17/19 MP: 1/5
   311 | D:1      | Reached skill level 5 in Summonings
   339 | D:1      | Learned a level 2 spell: Call Imp
   608 | D:1      | Reached XP level 3. HP: 17/25 MP: 6/6
  1319 | D:2      | Reached skill level 1 in Fighting
  1583 | D:3      | Found a white marble altar of Elyvilon.
  1677 | D:3      | Reached XP level 4. HP: 14/32 MP: 7/7
  1806 | D:3      | Slain by a hound

Illustrated notes

Levels and vault maps discovered:
D:1:      lemuel_arrival_rhombus, layout_basic
D:2:      layout_loops_ring, chequers_big_river
D:3:      layout_loops_ring, old_standard_altar, elyvilon_altar_5

Skill      XL: |  1  2  3 |
---------------+----------+-----
Stealth        | 2 |  2.3
Summonings     | 5 |  5.1
Fighting       | 1 |  1.0
Short Blades   | |  0.9
Armour         | |  0.1
Dodging        | |  2.6
Unarmed Combat | |  0.8
Spellcasting   | |  2.6
Evocations     | |  0.2

Action                     |  1- 3 |  4- 6 || total
---------------------------+-------+-------++-------
  Melee: Unarmed           |    34 |       ||    34
         Punch             |     3 |       ||     3
         Short sword       |    83 |    13 ||    96
         Club              |     2 |       ||     2
   Cast: Summon Small Mamm |    37 |     4 ||    41
         Call Imp          |     4 |     2 ||     6
   Stab: Distracted        |     1 |       ||     1
         Sleeping          |     2 |       ||     2
 Armour: Robe              |    50 |       ||    50
         Leather armour    |    17 |    21 ||    38
  Dodge: Dodged            |   105 |    17 ||   122

Table legend: (Time is in decaauts)
 A = Elapsed time spent in this place.
 B = Non-inter-level travel time spent in this place.
 C = Inter-level travel time spent in this place.
 D = Time resting spent in this place.
 E = Time spent auto-exploring this place.
 F = Levels seen in this place.
 G = Mean time per level.
                   A        B        C        D        E       F      G
               +--------+--------+--------+--------+--------+-----+--------+
         Total |   2029 |   1974 |     55 |    165 |   1086 |   3 |  676.3 |
       Dungeon |   2029 |   1974 |     55 |    165 |   1086 |   3 |  676.3 |
               +--------+--------+--------+--------+--------+-----+--------+

Top non-repeatable levels by time:
     D:1: 979 daAuts
     D:2: 786 daAuts
     D:3: 264 daAuts
